 Dungeon Crawl Stone Soup version 0.29-a0-284-gf9362112df (webtiles) character file.

Game seed: 9356776014387651914

2434 sammy202020 the Covered (level 9, 0/57 HPs)
             Began as a Gargoyle Fighter on Mar 14, 2022.
             Was an Initiate of Trog.
             Slain by a wight
             ... wielding a +0 flail
              (4 damage)
             ... on level 7 of the Dungeon.
             The game lasted 00:10:56 (5872 turns).

sammy202020 the Covered (Gargoyle Fighter)          Turns: 5872, Time: 00:10:57

Health: 0/57       AC: 23    Str: 21    XL:     9   Next: 49%
Magic:  9/9        EV:  7    Int: 10    God:    Trog [......]
Gold:   197        SH:  5    Dex: 11    Spells: 8/8 levels left

rFire   . . .      SeeInvis .   r - +2 mace (venom)
rCold   . . .      Faith    .   c - +0 buckler
rNeg    + + .      Spirit   .   g - +0 plate armour
rPois   ∞          Reflect  .   l - +0 helmet
rElec   +          Harm     .   e - +1 cloak
rCorr   .          Rampage  .   (no gloves)
Will    .....                   (no boots)
Stlth   ..........              (no amulet)
HPRegen 0.19/turn               i - ring of flight
MPRegen 0.11/turn               j - ring of positive energy

@: flying
A: sickness immunity, AC +6, negative energy resistance 1, electricity
resistance, torment resistance 1, petrification resistance
a: Renounce Religion


You were on level 7 of the Dungeon.
You worshipped Trog.
Trog was noncommittal.
You visited 2 branches of the dungeon, and saw 9 of its levels.

You collected 197 gold pieces.

Inventory:

Hand Weapons
 p - a +0 flail
 r - a +2 mace of venom (weapon)
Missiles
 h - 5 boomerangs (quivered)
 t - 7 curare-tipped darts
 y - 7 poisoned darts
Armour
 c - a +0 buckler (worn)
 e - a +1 cloak (worn)
 g - a +0 plate armour (worn)
 l - a +0 helmet (worn)
Jewellery
 i - a ring of flight (left hand)
 j - a ring of positive energy (right hand)
 m - a +4 ring of evasion
 w - a ring of see invisible
Wands
 o - a wand of charming (7)
Scrolls
 f - 3 scrolls of enchant armour
 q - a scroll of blinking
 s - 2 scrolls of noise
 v - a scroll of fear
Potions
 a - a potion of curing
 b - 2 potions of berserk rage {unknown}
 d - a potion of flight {unknown}
 k - a potion of ambrosia {unknown}
 n - 2 potions of invisibility
 u - a potion of magic {unknown}
 x - a potion of mutation {unknown}
 z - a potion of attraction {unknown}
 A - a potion of lignification {unknown}


   Skills:
 * Level 7.2 Fighting
 * Level 6.1 Maces & Flails
 * Level 7.3 Armour
 + Level 3.1 Dodging
 * Level 7.2 Shields


You had 8 spell levels left.
You didn't know any spells.
Your spell library contained the following spells:

 Spells                   Type           Power      Damage    Failure   Level
 Pain                     Necr           0%         1d4       100%        1
 Ensorcelled Hibernation  Hex/Ice        0%         N/A       100%        2
 Passwall                 Tmut/Erth      0%         N/A       100%        2
 Static Discharge         Conj/Air       0%         N/A       100%        2
 Confusing Touch          Hex            0%         N/A       100%        3
 Dazzling Flash           Conj/Hex       0%         N/A       100%        3
 Swiftness                Air            0%         N/A       100%        3
 Iskenderun's Mystic Bla  Conj/Tloc      0%         2d3       100%        4
 Agony                    Necr           0%         N/A       100%        5
 Excruciating Wounds      Necr           0%         N/A       100%        5
 Lightning Bolt           Conj/Air       0%         1d11      100%        5
 Yara's Violent Unravell  Hex/Tmut       0%         3d3       100%        5
 Starburst                Conj/Fire      0%         6d3       100%        6
 Enfeeble                 Hex            0%         N/A       100%        7
 Maxwell's Capacitive Co  Air            0%         ∞         100%        8


Dungeon Overview and Level Annotations

Branches:
Dungeon (8/15)             Temple (1/1) D:6
   Lair: D:8-11

Altars:
Ashenzari
Dithmenos
Elyvilon
Fedhas
Gozag
Hepliaklqana
Kikubaaqudgha
Makhleb
Ru
Sif Muna
Trog
Uskayaw
Vehumet
Wu Jian
Xom
Zin
The Shining One

Shops:
D:1 (


Innate Abilities, Weirdness & Mutations

You are immune to sickness and miasma.
Your stone body is resilient. (AC +6)
You are immune to poison.
You resist negative energy. (rN+)
You are resistant to electric shocks. (rElec)
You are resistant to unholy torment.
You are immune to petrification.


Message History

The wight barely misses you.
You hit the wight.
The wight is severely damaged.
The wight hits you with a +1 falchion.
* * * LOW HITPOINT WARNING * * *
You sock the wight!
You destroy the wight!
Trog accepts your kill.
You barely miss the wight. The wight hits you with a +0 flail.
* * * LOW HITPOINT WARNING * * *
You sock the wight!
The wight is heavily damaged.
The wight hits you but does no damage.
The wight hits you but does no damage. x2
There is an open door here.
Items here: )) [[.
You completely miss the wight. You block the wight's attack.
The wight barely misses you.
You hit the wight but do no damage. You block the wight's attack.
The wight hits you with a +3 long sword of freezing.
* * * LOW HITPOINT WARNING * * *
The wight freezes you.
* * * LOW HITPOINT WARNING * * *
You hit the wight but do no damage. The wight hits you but does no damage.
You block the wight's attack.
You barely miss the wight. The wight hits you but does no damage.
The wight barely misses you.
You sock the wight!
The wight is severely damaged.
You block the wight's attack. The wight completely misses you.
You closely miss the wight.
The wight is severely damaged.
The wight barely misses you. The wight hits you but does no damage.
You hit the wight.
The wight is almost destroyed.
The wight hits you but does no damage. x2
You hit the wight but do no damage.
The wight is almost destroyed.
The wight hits you with a +0 flail.
You die...

###### #....###### #.....#...#
#.....#...# +.....#...#
#....z#.[.# ##### #.....@z..#
.
#...#######....##...######+#..
#........##'#####'###.........
#........##....##...'.........
#.........#.....#...#.........
#.........'.....#...#.......##
#...#######.....#...#.....!.#
#...##...##.....#...#.......#
....#....#.....######.......#


You could see 2 wights.

Vanquished Creatures
  A two-headed ogre (D:8)
  Sigmund (D:3)
  A steam dragon (D:4)
  Menkaure (D:5)
  2 sky beasts (D:6)
  2 black bears (D:5)
  An ogre (D:5)
  2 kobold brigands (D:5)
  4 scorpions
  A necrophage (D:5)
  2 wights (D:7)
  3 hounds (D:5)
  Crazy Yiuf (D:2)
  Jessica (D:2)
  2 iguanas
  Robin (D:2)
  4 gnolls (D:5)
  5 adders
  A white imp (D:5)
  A shadow imp (D:5)
  A worm (D:2)
  A dart slug (D:3)
  18 orcs
  2 ball pythons
  7 endoplasms
  3 giant cockroaches
  16 goblins
  6 hobgoblins
  15 jackals
  A quokka (D:1)
  6 frilled lizards
  12 kobolds
  5 rats
130 creatures vanquished.

Notes
Turn   | Place    | Note
-------+----------+-------------------------------------------
     0 | D:1      | sammy202020 the Gargoyle Fighter began the quest for the
                  | Orb.
     0 | D:1      | Reached XP level 1. HP: 14/14 MP: 1/1
   243 | D:1      | Reached XP level 2. HP: 19/19 MP: 2/2
   593 | D:1      | Found Nebboite's Weapon Emporium.
   618 | D:1      | Found a faded altar of an unknown god.
   846 | D:2      | Reached XP level 3. HP: 23/23 MP: 3/3
   944 | D:2      | Noticed Robin
   953 | D:2      | Killed Robin
  1342 | D:2      | Reached XP level 4. HP: 29/29 MP: 4/4
  1794 | D:2      | Noticed Jessica
  1801 | D:2      | Killed Jessica
  1815 | D:2      | Reached XP level 5. HP: 33/33 MP: 5/5
  1973 | D:2      | Found a runed translucent door.
  1974 | D:2      | Noticed Crazy Yiuf
  1982 | D:2      | Killed Crazy Yiuf
  1983 | D:2      | Reached skill level 1 in Dodging
  2491 | D:3      | Noticed Sigmund
  2502 | D:3      | Killed Sigmund
  2503 | D:3      | Reached XP level 6. HP: 23/39 MP: 6/6
  3042 | D:4      | Noticed a steam dragon
  3054 | D:4      | Killed a steam dragon
  3055 | D:4      | Reached skill level 5 in Fighting
  3055 | D:4      | Reached skill level 5 in Armour
  3055 | D:4      | Reached skill level 5 in Shields
  3055 | D:4      | Reached XP level 7. HP: 10/44 MP: 7/7
  3837 | D:5      | Entered Level 5 of the Dungeon
  3837 | D:5      | Noticed Menkaure
  3844 | D:5      | Killed Menkaure
  3913 | D:5      | HP: 1/44 [hound (2)]
  3921 | D:5      | Reached XP level 8. HP: 3/50 MP: 8/8
  4551 | D:5      | Reached skill level 5 in Maces & Flails
  5052 | D:5      | Found a shimmering blue altar of Sif Muna.
  5053 | D:5      | Found a hide-covered altar of Uskayaw.
  5175 | D:6      | Found a staircase to the Ecumenical Temple.
  5224 | Temple   | Entered the Ecumenical Temple
  5351 | Temple   | Became a worshipper of Trog the Wrathful
  5393 | D:6      | Reached XP level 9. HP: 56/56 MP: 9/9
  5425 | D:6      | You are sucked into a shaft and drop 2 floors!
  5435 | D:8      | Noticed a two-headed ogre
  5448 | D:8      | Killed a two-headed ogre
  5872 | D:7      | Slain by a wight

Illustrated notes

Levels and vault maps discovered:
D:1:      mrwooster_arrival_arrow, layout_basic,
          chequers_ecumenical_altar_twisty, serial_shops, shop,
          hangedman_decor_push
D:2:      layout_loops_ring, minmay_misc_feat_rugged, uniq_jessica,
          uniq_crazy_yiuf_cottage, uniq_robin
D:3:      layout_rooms, kennysheep_generic_room_11, uniq_sigmund
D:4:      layout_rooms
D:5:      layout_cave_pools, minitemple, grunt_ministairs_8, uniq_menkaure
D:6:      layout_basic, minmay_temple_entry_wispy
D:7:      layout_gridville, enter_bailey_4, uniq_duvessa, uniq_maggie
D:8:      layout_loops_ring, uniq_psyche
Temple:   mainiacjoe_temple_coin_purse

Skill      XL: |  1  2  3  4  5  6  7  8  9 |
---------------+----------------------------+-----
Fighting       | 4 5 6 7 |  7.2
Armour         | 4 5 6 7 |  7.3
Shields        | 4 5 6 7 |  7.2
Maces & Flails | 3 4 5 6 |  6.1
Dodging        | 1 2 3 |  3.1

Action                   |  1- 3 |  4- 6 |  7- 9 || total
-------------------------+-------+-------+-------++-------
Melee: Flail             |   108 |    86 |       ||   194
       Mace              |       |    19 |   223 ||   242
  Use: Scroll            |     4 |     5 |     4 ||    13
       Potion            |       |     4 |     5 ||     9
Armor: Scale mail        |    56 |    61 |     1 ||   118
       Plate armour      |       |       |   226 ||   226
Dodge: Dodged            |    58 |    39 |    96 ||   193
Block: Buckler           |    21 |    16 |    63 ||   100

Table legend: (Time is in decaauts)
 A = Elapsed time spent in this place.
 B = Non-inter-level travel time spent in this place.
 C = Inter-level travel time spent in this place.
 D = Time resting spent in this place.
 E = Time spent auto-exploring this place.
 F = Levels seen in this place.
 G = Mean time per level.
                   A        B        C        D        E       F      G
               +--------+--------+--------+--------+--------+-----+--------+
         Total |   5944 |   5669 |    275 |    287 |   4161 |   9 |  660.4 |
       Dungeon |   5799 |   5524 |    275 |    287 |   4053 |   8 |  724.9 |
        Temple |    144 |    144 |      0 |      0 |    108 |   1 |  144.0 |
               +--------+--------+--------+--------+--------+-----+--------+

Top non-repeatable levels by time:
     D:2: 1366 daAuts
     D:5: 1322 daAuts
     D:3: 879 daAuts
     D:1: 851 daAuts
     D:4: 795 daAuts
     D:8: 335 daAuts
  Temple: 144 daAuts
     D:6: 134 daAuts
     D:7: 115 daAuts
